 Dungeon Crawl Stone Soup version 0.19.1-1-g22dce08 (webtiles) character file.

2998 Jerry the Protected (level 9, 0/44 HPs)
             Began as a Vine Stalker Gladiator on Jan 3, 2017.
             Was an Initiate of Okawaru.
             Succumbed to hydrated12's ghost's poison
             ... on level 7 of the Dungeon.
             The game lasted 00:19:25 (5558 turns).

Jerry the Protected (Vine Stalker Gladiator)        Turns: 5558, Time: 00:19:26

Health: 0/44       AC: 15    Str: 27    XL:     9   Next: 84%
Magic:  10/10      EV: 17    Int:  8    God:    Okawaru [......]
Gold:   254        SH:  4    Dex: 17    Spells: 0 memorised, 8 levels left

rFire  . . .     SeeInvis .     a - +0 long sword
rCold  + . .     Gourm    .     y - +0 chain mail
rNeg   . . .     Faith    .     (no shield)
rPois  .         Spirit   +     q - +2 hat
rElec  .         Reflect  .     g - +0 cloak
rCorr  .         Harm     .     (no gloves)
MR     +....                    (no boots)
Stlth  ..........               (no amulet)
                                s - +5 ring of evasion
                                d - +3 ring of strength

@: mighty, lethally poisoned (0 -> -24)
A: fangs 3, large bone plates 1, cold resistance 1, mutation resistance 1,
regeneration 1, magic shield, antimagic bite, no device heal 3, rot immunity
a: Renounce Religion


You were on level 7 of the Dungeon.
You worshipped Okawaru.
Okawaru was noncommittal.
You were not hungry.

You visited 2 branches of the dungeon, and saw 8 of its levels.

You collected 254 gold pieces.

Inventory:

Hand Weapons
 a - a +0 long sword (weapon)
Armour
 b - a +0 leather armour
 g - a +0 cloak (worn)
 q - a +2 hat (worn)
 y - a +0 chain mail (worn)
Jewellery
 d - a +3 ring of strength (left hand)
 s - a +5 ring of evasion (right hand)
Wands
 m - a wand of disintegration (8/24)
 n - a wand of iceblast (7/15)
Scrolls
 e - a scroll of magic mapping {unknown}
 j - a scroll of identify
 k - 3 scrolls of blinking {unknown}
 l - 2 scrolls of immolation {unknown}
 o - 6 scrolls of remove curse {unknown}
 p - a scroll of random uselessness {unknown}
 r - 2 scrolls of teleportation {unknown}
Potions
 c - a potion of cancellation
 i - 2 potions of heal wounds
 u - a potion of haste {unknown}
 v - a potion of brilliance {unknown}
 w - a potion of might
Comestibles
 f - 5 bread rations
 t - 2 beef jerkies
 z - a meat ration


   Skills:
 - Level 3.3 Fighting
 + Level 6.0 Long Blades
 - Level 1.7 Throwing
 + Level 10.8 Armour
 + Level 5.4 Dodging


You had 8 spell levels left.
You didn't know any spells.

Dungeon Overview and Level Annotations

Branches:
Dungeon (7/15)             Temple (1/1) D:7

Altars:
Ashenzari
Cheibriados
Dithmenos
Elyvilon
Fedhas
Gozag
Hepliaklqana
Kikubaaqudgha
Makhleb
Nemelex Xobeh
Okawaru
Qazlal
Ru
Sif Muna
Uskayaw
Vehumet
Xom
Yredelemnul
Zin
The Shining One

Shops:
D:4 *   D:5 *

Annotations:
D:7 hydrated12's ghost, novice SpAs


Innate Abilities, Weirdness & Mutations

You have razor-sharp teeth.
Your natural rate of healing is unusually fast.
When hurt, damage is shared between your health and your magic reserves.
Your bite disrupts and absorbs the magic of your enemies.
Potions and wands cannot restore your health.
You are immune to rotting.
You are partially covered in large bone plates. (SH +4)
Your flesh is cold resistant. (rC+)
You are somewhat resistant to further mutation.


Message History

You slash hydrated12's ghost! Your bite misses hydrated12's ghost.
Hydrated12's ghost is moderately damaged.
* * * LOW HITPOINT WARNING * * *
You feel very sick. Hydrated12's ghost misses you.
You completely miss hydrated12's ghost. Your bite misses hydrated12's ghost.
Hydrated12's ghost is moderately damaged.
* * * LOW HITPOINT WARNING * * *
You feel sick.
Hydrated12's ghost hits you but does no damage.
You are more poisoned.
You hit hydrated12's ghost. Your bite misses hydrated12's ghost.
Hydrated12's ghost is heavily damaged.
* * * LOW HITPOINT WARNING * * *
You feel very sick.
Hydrated12's ghost hits you but does no damage.
You are more poisoned.
You miss hydrated12's ghost. Your bite misses hydrated12's ghost.
Hydrated12's ghost is heavily damaged.
You die...

#.###..# #..>...#
######.# # .# #.# #
.####.###### #
.##........# #
#####.##.#.####.# #
#.....##.#.## #.# #
#.##@W##....###.##.## #
#.##................. #
#.###.###.##....###.##.##
##### #.........##.#.##
#.# # ....#
#####.######.#.####.#
.##.# #.# #........#
.##.# #.# ###'######
.##.# #.# ##..W## .##.#
##.# ##...<.##


You could see hydrated12's ghost.

Vanquished Creatures
  The ghost of senny the Poker, an amateur MiBe of Trog (D:4)
  Sigmund (D:3)
  2 phantoms
  2 ogres
  A centaur (D:5)
  A scorpion (D:4)
  2 howler monkeys (D:4)
  2 crimson imps
  Crazy Yiuf (D:3)
  2 hounds (D:5)
  2 orc wizards
  An iguana (D:4)
  Ijyb (D:3)
  4 worker ants
  A hound zombie (D:7)
  5 adders
  2 oozes (D:2)
  An adder zombie (D:5)
  9 worms
  4 dart slugs
  2 leopard geckos
  13 orcs
  3 ball pythons
  3 giant cockroaches
  5 goblins
  11 hobgoblins
  7 jackals
  3 quokkas
  10 bats
  9 frilled lizards
  A jackal skeleton (D:4)
  16 kobolds
  2 leopard gecko skeletons
  7 rats
137 creatures vanquished.

Notes
Turn   | Place    | Note
-------+----------+-------------------------------------------
     0 | D:1      | Jerry the Vine Stalker Gladiator began the quest for the Orb.
     0 | D:1      | Reached XP level 1. HP: 11/11 MP: 2/2
    50 | D:1      | Reached XP level 2. HP: 8/15 MP: 3/3
   220 | D:1      | Reached skill level 1 in Armour
   495 | D:1      | Reached XP level 3. HP: 18/18 MP: 4/4
  1474 | D:2      | Gained mutation: Your natural rate of healing is unusually fast. [Vine Stalker growth]
  1474 | D:2      | Reached XP level 4. HP: 19/23 MP: 5/5
  1959 | D:3      | Reached XP level 5. HP: 27/27 MP: 6/6
  2023 | D:3      | Noticed Ijyb
  2035 | D:3      | Reached skill level 2 in Armour
  2062 | D:3      | Killed Ijyb
  2085 | D:3      | Noticed Sigmund
  2227 | D:3      | Noticed a phantom
  2248 | D:3      | Killed a phantom
  2248 | D:3      | Reached XP level 6. HP: 12/32 MP: 4/7
  2508 | D:4      | Noticed a phantom
  2538 | D:4      | Killed a phantom
  2556 | D:4      | Found Tysautsi's Assorted Antiques.
  2565 | D:4      | Reached XP level 7. HP: 36/36 MP: 8/8
  2624 | D:4      | Reached skill level 3 in Armour
  2674 | D:4      | Noticed senny's ghost (amateur MiBe)
  2694 | D:3      | Found a basalt altar of Yredelemnul.
  2798 | D:3      | Gained mutation: Your flesh is cold resistant. (rC+) [potion of mutation]
  2798 | D:3      | Gained mutation: You are somewhat resistant to further mutation. [potion of mutation]
  3002 | D:4      | Found a hide-covered altar of Uskayaw.
  3004 | D:4      | Found a shattered altar of Ashenzari.
  3005 | D:4      | Found a blossoming altar of Fedhas.
  3005 | D:4      | Found a white marble altar of Elyvilon.
  3005 | D:4      | Found a glowing silver altar of Zin.
  3126 | D:4      | Found a deep blue altar of Sif Muna.
  3206 | D:5      | Entered Level 5 of the Dungeon
  3206 | D:5      | Found Feson's Fabulous Fripperies.
  3246 | D:5      | Gained mutation: You have razor-sharp teeth. [Vine Stalker growth]
  3246 | D:5      | Reached XP level 8. HP: 24/40 MP: 9/9
  3281 | D:5      | Reached skill level 5 in Long Blades
  3620 | D:5      | Reached skill level 4 in Armour
  4062 | D:6      | Gained mutation: You are partially covered in large bone plates. (SH +4) [potion of mutation]
  4135 | D:6      | Found a shimmering altar of Xom.
  4138 | D:6      | Found a stormy altar of Qazlal.
  4395 | D:7      | Found a staircase to the Ecumenical Temple.
  4400 | Temple   | Entered the Ecumenical Temple
  4673 | Temple   | Became a worshipper of Warmaster Okawaru
  4707 | D:7      | Noticed hydrated12's ghost (novice SpAs)
  5061 | D:3      | Killed Sigmund
  5061 | D:3      | Reached skill level 5 in Dodging
  5092 | D:3      | Found a runed door.
  5096 | D:3      | Noticed Crazy Yiuf
  5100 | D:3      | Killed Crazy Yiuf
  5322 | D:4      | Killed senny's ghost
  5417 | D:7      | Reached * piety under Okawaru
  5553 | D:7      | Reached skill level 10 in Armour
  5553 | D:7      | Reached XP level 9. HP: 13/44 MP: 10/10
  5558 | D:7      | Succumbed to hydrated12's ghost's poison

Skill      XL: |  1  2  3  4  5  6  7  8 |
---------------+-------------------------+-----
Fighting       | 2 3 |  3.3
Armour         | 1 2 3 10 | 10.8
Long Blades    | 3 4 6 |  6.0
Dodging        | 3 4 5 |  5.4
Throwing       | |  1.7

Action                   |  1- 3 |  4- 6 |  7- 9 || total
-------------------------+-------+-------+-------++-------
Melee: Long sword        |   100 |   188 |   196 ||   484
       Bite              |    28 |    83 |    73 ||   184
Throw: Throwing net      |       |     3 |       ||     3
       Javelin           |       |       |     4 ||     4
Invok: Heroism           |       |       |     1 ||     1
  Use: Potion            |       |     1 |     5 ||     6
       Scroll            |       |       |     3 ||     3
 Stab: Held in net/web   |       |     1 |       ||     1
       Sleeping          |       |     2 |     1 ||     3
  Eat: Chunk             |     2 |     4 |     8 ||    14
       Pizza             |       |       |     1 ||     1
Armor: Leather armour    |    38 |    56 |    21 ||   115
       Chain mail        |       |       |    15 ||    15
Dodge: Dodged            |    87 |   121 |   181 ||   389
Block: Other             |       |       |     7 ||     7
       Rpst.: Long sword |    28 |    40 |    67 ||   135
